Map: Ascension to Aiur LE

Players

IanFritzsche - Winner!

  • Race: Protoss Protoss
  • League: Gold
  • Spawn Location: 11:00

Juxtapose

  • Race: Terran Terran
  • Spawn Location: 5:00

VOD

https://youtu.be/6q23mBDEJk0

Description

I learned a lot from this match, and I didn't scout out enough for the proxy setup; that was well done.

I also really need to a) Make use of Scanner Sweep, and b) Create more Barracks for Marines/Mineral dumps. I also want to experiment with Widow Mines more, as I think they would have helped here.

Time

  • Played on: June 1, 2017, 8:21 p.m.
  • Length: 14:47
Show
View Real Time Build Order
Export as new Build Order

IanFritzsche Protoss - Winner!

Build Orders: 1 Gate Expand 

Get SALT Encoding   

  12  0:01  Probe (Chrono Boost)  
  13  0:12  Probe (Chrono Boost)  
  14  0:17  Pylon  
  14  0:23  Probe (Chrono Boost)  
  15  0:35  Probe (Chrono Boost)  
  16  0:39  Gateway  
  16  0:44  Assimilator  
  16  0:48  Probe (Chrono Boost)  
  17  0:59  Probe (Chrono Boost)  
  18  1:10  Probe (Chrono Boost)  
  19  1:20  Probe (Chrono Boost)  
  20  1:28  Cybernetics Core  
  20  1:37  Nexus  
  20  1:44  Pylon  
  20  1:48  Probe (Chrono Boost)  
  21  1:58  Probe (Chrono Boost), Warp Gate  
  22  2:02  Adept  
  24  2:12  Probe (Chrono Boost), Assimilator  
  25  2:25  Adept  
  27  2:41  Mothership Core (Chrono Boost)  
  29  2:49  Adept  
  29  2:54  Probe (Chrono Boost)  
  32  3:01  Probe (Chrono Boost)  
  34  3:06  Probe (Chrono Boost)  
  35  3:13  Probe (Chrono Boost), Adept  
  35  3:18  Probe (Chrono Boost)  
  38  3:25  Probe (Chrono Boost)  
  39  3:30  Probe (Chrono Boost)  
  39  3:34  Pylon  
  40  3:36  Adept  
  40  3:38  Probe (Chrono Boost)  
  44  3:42  Probe (Chrono Boost), Pylon  
  44  3:45  Gateway  
  44  3:46  Gateway  
  44  4:00  Adept  
  46  4:15  Probe x2 (Chrono Boost)  
  48  4:21  Robotics Facility  
  48  4:25  Twilight Council  
  48  4:27  Probe x2 (Chrono Boost)  
  48  4:28  Pylon  
  50  4:31  Pylon  
  52  4:39  Probe x2 (Chrono Boost)  
  52  4:48  Zealot x3, Resonating Glaives  
  52  4:52  Probe x2 (Chrono Boost), Assimilator  
  60  4:53  Assimilator  
  60  5:01  Pylon  
  60  5:04  Probe x2 (Chrono Boost)  
  62  5:09  Gateway  
  62  5:11  Gateway  
  62  5:15  Observer  
  62  5:17  Probe x2 (Chrono Boost)  
  67  5:29  Probe x2 (Chrono Boost)  
  67  5:35  Zealot  
  67  5:36  Zealot x2  
  73  5:48  Pylon  
  73  5:50  Pylon  
  73  5:57  Gateway  
  73  6:06  Nexus  
  73  6:08  Pylon  
  73  6:09  Zealot x3  
  73  6:10  Pylon  
  79  6:37  Adept x3  
  83  7:01  Adept x3  
  89  7:26  Adept x2  
  89  7:27  Adept  
  55  7:51  Immortal  
  55  7:52  Adept  
  55  7:53  Adept x2  
  64  8:27  Adept x3  
  70  8:35  Charge  
  70  8:36  Pylon  
  70  8:41  Immortal  
  70  8:44  Nexus  
  70  8:47  Pylon  
  74  8:49  Pylon  
  74  8:57  Adept x2  
  74  8:58  Adept x3  
  84  9:06  Nexus  
  84  9:09  Pylon  
  84  9:15  Immortal  
  84  9:18  Adept  
  84  9:19  Adept x4  
  91  9:48  Adept x5  
  91  9:49  Immortal  
  101  10:04  Forge  
  101  10:05  Forge  
  101  10:08  Pylon  
  101  10:19  Adept x2, Pylon  
  101  10:20  Adept x3  
  111  10:23  Immortal  
  115  10:41  Zealot x5  
  121  11:16  Stalker x3  
  121  11:17  Stalker x2  
  131  11:46  Stalker x5  
  135  12:29  Stalker x4  
  143  12:30  Stalker  
  135  13:00  Stalker  
  135  13:01  Stalker x4  
  139  13:49  Stalker x2  
  139  13:50  Stalker x3  
  149  14:22  Stalker x3  
Show
View Real Time Build Order
Export as new Build Order

Juxtapose Terran 

Build Orders:  

Get SALT Encoding   

  12  0:01  SCV  
  13  0:13  SCV  
  14  0:22  Supply Depot  
  14  0:25  SCV  
  15  0:43  SCV  
  15  0:48  Barracks  
  16  0:55  Refinery, SCV  
  17  1:07  SCV  
  17  1:11  Supply Depot  
  18  1:20  SCV  
  19  1:32  SCV  
  20  1:37  Marine  
  21  1:44  Barracks, SCV  
  22  1:55  Marine  
  22  1:56  SCV  
  24  2:06  Factory  
  24  2:08  SCV  
  25  2:11  Refinery  
  25  2:12  Marine  
  26  2:25  SCV  
  27  2:34  Supply Depot  
  27  2:40  Barracks Reactor  
  27  2:41  Barracks Tech Lab  
  27  2:51  Factory Tech Lab  
  27  2:53  Supply Depot  
  27  2:54  Orbital Command  
  27  3:09  Command Center  
  26  3:20  Widow Mine  
  26  3:22  Marine x2  
  26  3:25  Stimpack  
  30  3:36  Starport  
  30  3:38  Supply Depot  
  30  4:03  Siege Tank  
  30  4:05  Command Center  
  30  4:06  Marine x3  
  36  4:26  Marine x2  
  38  4:34  Starport Reactor  
  38  4:35  Siege Tank  
  41  4:46  Engineering Bay  
  41  4:53  Marine  
  41  4:54  Marine  
  41  4:55  Marine  
  44  5:10  Siege Tank  
  44  5:11  Marine x2  
  44  5:12  Marine  
  50  5:16  Terran Infantry Weapons Level 1  
  50  5:20  Missile Turret  
  50  5:25  Missile Turret  
  50  5:26  Orbital Command  
  50  5:27  SCV  
  51  5:35  Marine x2  
  51  5:39  SCV  
  54  5:44  Medivac  
  56  5:51  SCV  
  56  5:55  SCV  
  58  6:04  Marine x2, SCV  
  59  6:07  Siege Tank, SCV  
  59  6:09  Medivac  
  67  6:16  SCV  
  68  6:29  SCV  
  69  6:42  SCV  
  70  7:24  Siege Tank  
  70  7:29  SCV, Marine x2  
  70  7:32  SCV  
  70  7:33  Marine  
  65  7:46  Marine x2  
  65  7:51  Marine  
  67  7:58  Supply Depot, Medivac  
  70  8:17  Medivac  
  70  8:18  Marine  
  70  8:19  Marine x2  
  75  8:20  Siege Tank  
  75  8:22  Supply Depot  
  57  8:35  Terran Infantry Armor Level 1  
  57  8:36  Marine  
  57  8:37  Liberator, Marine  
  57  8:38  Liberator  
  59  8:46  Refinery  
  59  8:49  Refinery  
  65  9:01  Command Center  
  65  9:02  Marine x3  
  67  9:07  Hellion  
  70  9:19  Marine  
  70  9:20  Liberator  
  70  9:29  Hellion  
  62  9:49  SCV  
  63  9:59  Siege Tank, Marine  
  66  10:00  Marine x2  
  66  10:01  SCV  
  66  10:04  SCV  
  71  10:13  SCV  
  72  10:16  SCV  
  72  10:17  Marine x2  
  75  10:21  Command Center  
  75  10:25  SCV  
  76  10:29  SCV  
  76  10:31  Siege Tank  
  80  10:37  Marine x3, SCV  
  84  10:54  SCV x2  
  84  10:55  Marine  
  59  11:22  SCV x2  
  57  11:34  SCV  
  57  11:42  Liberator x2  
  56  11:51  Marine  
  56  11:52  Marine x2  
  58  11:55  Building Armor  
  58  11:57  Siege Tank  
  64  12:09  Marine x3  
  48  12:27  Marine x3  
  48  12:29  Siege Tank  
  41  12:42  Medivac x2  
  37  12:45  Marine x2  
  39  12:58  Liberator  
  36  13:01  Marine  
  36  13:03  Marine  
  37  13:19  Marine  
  44  13:21  Marine  
  43  13:35  Liberator  
  43  13:38  Marine  
  40  13:56  Marine  
  37  14:14  Marine  
Tags
 
Add a new tag
Caveats
  • Supply blocks, unpowered buildings, or Contaminate may cause inaccurate times.
  • Supply counts are checked every 10 seconds.